 Dungeon Crawl Stone Soup version 0.27-a0-1083-gcf8293e1eb (webtiles) character file.

Game seed: 9988108329742452138

38 Gaff the Magician (level 3, -5/26 HPs)
             Began as a Djinni Venom Mage on Apr 26, 2021.
             Was a Follower of Yredelemnul.
             Slain by a killer bee (8 damage)
             ... on level 3 of the Dungeon.
             The game lasted 00:06:02 (2794 turns).

Gaff the Magician (Djinni Venom Mage)               Turns: 2794, Time: 00:06:03

Health: -5/26      AC:  3    Str:  7    XL:     3   Next: 43%
Gold:   67         EV: 12    Int: 17    God:    Yredelemnul [*.....] SH:  0 Dex: 13

rFire    + + .     SeeInvis .   i - +0 rapier
rCold    x . .     Faith    .   (no shield)
rNeg     . . .     Spirit   .   a - +0 robe
rPois    ∞         Reflect  .   (no helmet)
rElec    .         Harm     .   n - scarf {repulsion}
rCorr    .         Rampage  .   g - +0 pair of gloves
Will     .....                  (boots unavailable)
Stlth    ++........             (no amulet)
HPRegen  0.08/turn              k - ring of magical power
MPRegen  0.00/turn              (no ring)

@: flying, repel missiles
A: fire resistance 2, cold vulnerability 1, float, innate caster, hp casting,
extra vitality 1
a: Renounce Religion, Animate Remains


You were on level 3 of the Dungeon.
You worshipped Yredelemnul.
Yredelemnul was aware of your devotion.
You visited 1 branch of the dungeon, and saw 3 of its levels.

You collected 67 gold pieces.

Inventory:

Hand Weapons
 c - a +0 dagger
 d - a +0 short sword
 f - a +1 dagger of protection
 i - a +0 rapier (weapon)
Armour
 a - a +0 robe (worn)
 g - a +0 pair of gloves (worn)
 n - a scarf of repulsion (worn)
Jewellery
 k - a ring of magical power (left hand)
Scrolls
 b - 2 scrolls of teleportation {unknown}
 j - 2 scrolls of fog {unknown}
 l - 2 scrolls of identify {unknown}
 m - a scroll of silence {unknown}
Potions
 e - 2 potions of might {unknown}
 h - 2 potions of curing {unknown}


   Skills:
 + Level 0.4 Fighting
 + Level 0.6 Armour
 - Level 2.3 Dodging
 - Level 1.7 Stealth
 * Level 3.5 Spellcasting
 + Level 0.0 Invocations


You couldn't memorise any spells.
You knew the following spells:

 Your Spells              Type           Power      Damage    Failure   Level
a - Sting                 Tmut/Pois      56%        1d5       4%          1
b - Poisonous Vapours     Pois/Air       28%        N/A       6%          2
c - Mephitic Cloud        Conj/Pois/Air  14%        N/A       12%         3
d - Ignite Poison         Fire/Tmut/Pois 14%        N/A       12%         3
e - Olgreb's Toxic Radia  Pois           14%        N/A       36%         4
f - Foxfire               Conj/Fire      56%        2x1d6     4%          1
Your spell library was empty.

Dungeon Overview and Level Annotations

Branches:
Dungeon (3/15)

Altars:
Yredelemnul

Annotations:
D:3 crabbyslav's ghost, amateur DsFi


Innate Abilities, Weirdness & Mutations

You are immune to poison.
Your flesh is very heat resistant. (rF++)
You are vulnerable to cold. (rC-)
You float through the air rather than walking.
You learn spells naturally, not from books.
Your magical power is your life essence.
You have superior vitality. (+4 HP)


Message History

The killer bee is poisoned.
The killer bee stings you.
A killer bee comes into view.
Your ball python zombie misses the killer bee.
Your ball python zombie completely misses the killer bee.
The killer bee looks even sicker.
The killer bee stings you.
* * * LOW HITPOINT WARNING * * *
You swap places.
The killer bee stings your ball python zombie.
A killer bee comes into view.
Your ball python zombie barely misses the killer bee. x2
Your rat zombie closely misses the killer bee.
The killer bee stings your ball python zombie!
Your ball python zombie is destroyed!
Aiming: Poisonous Vapours (safe; 6% risk of failure)
Press: ? - help, Q - select action, (/) - cycle Dir - move target, f - killer bee, p - killer bee
Aim: a killer bee Poisonous vapours surround the killer bee!
* * * LOW HITPOINT WARNING * * *
The killer bee is engulfed in poison gas.
The killer bee is poisoned.
The killer bee stings your rat zombie!
Your rat zombie is destroyed!
The killer bee is engulfed in poison gas.
The killer bee looks even sicker.
Your kobold zombie misses the killer bee.
The killer bee misses you.
Your kobold zombie misses the killer bee.
The killer bee stings you.
* * * LOW HITPOINT WARNING * * *
Aiming: Poisonous Vapours (safe; 6% risk of failure)
Press: ? - help, Q - select action, (/) - cycle Dir - move target, f - killer bee, p - killer bee
Aim: a killer bee Poisonous vapours surround the killer bee!
* * * LOW HITPOINT WARNING * * *
The killer bee completely misses you. The killer bee stings you.
* * * LOW HITPOINT WARNING * * *
The killer bee is engulfed in poison gas.
The killer bee is poisoned.
The killer bee barely misses you. x2
The killer bee stings you!
You die...
Your body rises from the dead as a mindless zombie.

#.# ############# ###.#
............# ..#.#
#..........#
..#.########..........#
..........##..........#
..........##..........#####
..............##...........
###..####.)..>.............
#### ###...##@y.........
.Z.... ##..##yy.........
###.... #..##.yyZ.......
.Z...# #.###.!.........
..=... ..# ####..######
.... #.## ##.# # #. ..# .#
#. #.# .. .. .#


You could see 5 killer bees and a friendly kobold zombie.

Vanquished Creatures
  A dart slug (D:2)
  3 ball pythons
  3 endoplasms
  3 giant cockroaches
  3 goblins
  4 hobgoblins
  6 kobolds
  A quokka (D:3)
  5 bats
  A frilled lizard (D:2)
  4 rats
34 creatures vanquished.

Vanquished Creatures (others)
  A ball python zombie (D:3)
  A rat zombie (D:3)
  4 foxfires
6 creatures vanquished.

Grand Total: 40 creatures vanquished

Notes
Turn   | Place    | Note
-------+----------+-------------------------------------------
     0 | D:1      | Gaff the Djinni Venom Mage began the quest for the Orb.
     0 | D:1      | Reached XP level 1. HP: 15/15 MP: 0/0
     3 | D:1      | Noticed an electric eel
     4 | D:1      | Noticed an electric eel
   436 | D:1      | Reached skill level 3 in Spellcasting
   436 | D:1      | Reached XP level 2. HP: 19/21 MP: 0/0
  1754 | D:2      | Reached XP level 3. HP: 23/25 MP: 0/0
  1754 | D:2      | Learned a level 1 spell: Foxfire
  2119 | D:2      | Found a faded altar of an unknown god.
  2131 | D:2      | Became a worshipper of Yredelemnul the Dark
  2131 | D:2      | Reached * piety under Yredelemnul
  2459 | D:3      | Noticed crabbyslav's ghost (amateur DsFi)
  2785 | D:3      | Noticed a killer bee
  2788 | D:3      | Noticed a killer bee
  2788 | D:3      | Noticed a killer bee
  2789 | D:3      | Noticed a killer bee
  2790 | D:3      | Noticed a killer bee
  2794 | D:3      | Slain by a killer bee

Illustrated notes

Levels and vault maps discovered:
D:1:      arrival_aquarium_b, layout_basic
D:2:      layout_basic, shapermc_ecumenical_altar_mp_ritualfount
D:3:      minmay_razor_zed, layout_basic, old_standard_altar,
          gammafunk_ghost_icy, serial_shops, nicolae_shop_crystal,
          minmay_misc_feat_enclosed

Skill      XL: |  1 |
---------------+----+-----
Spellcasting   | 3 |  3.5
Fighting       | |  0.4
Armour         | |  0.6
Dodging        | |  2.3
Stealth        | |  1.7

Action                   || total
-------------------------++-------
Melee: Dagger            ||     4
       Rapier            ||     1
 Cast: Sting             ||    13
       Poisonous Vapours ||    30
       Foxfire           ||     3
Invok: Animate Remains   ||     4
Armor: Robe              ||     6
Dodge: Dodged            ||    18
       Repelled          ||     1

Table legend: (Time is in decaauts)
 A = Elapsed time spent in this place.
 B = Non-inter-level travel time spent in this place.
 C = Inter-level travel time spent in this place.
 D = Time resting spent in this place.
 E = Time spent auto-exploring this place.
 F = Levels seen in this place.
 G = Mean time per level.
                   A        B        C        D        E       F      G
               +--------+--------+--------+--------+--------+-----+--------+
         Total |   2792 |   2711 |     81 |   1128 |   1211 |   3 |  930.7 |
       Dungeon |   2792 |   2711 |     81 |   1128 |   1211 |   3 |  930.7 |
               +--------+--------+--------+--------+--------+-----+--------+

Top non-repeatable levels by time:
     D:1: 1499 daAuts
     D:2: 899 daAuts
     D:3: 393 daAuts
